[Event "Olimpiade 2024 - Donne"]
[Site "Budapest"]
[Date "22.09.2024"]
[Round "11.55"]
[White "Viana, Valeria"]
[Black "Shipindo, Rauha"]
[Result "1-0"]
[WhiteElo "1882"]
[BlackElo "1681"]
[ECO "C42"]
[Opening "Petrov"]
[Variation "Nimzovich attack"]
[TimeControl "5400/40+30:1800"]
[EventDate "2024.09.11"]
[Board "1"]
[WhiteFideId "8407100"]
[BlackFideId "15200493"]
[WhiteTeam "Honduras"]
[BlackTeam "Namibia"]

1. e4 e5 2. Nf3 Nf6 3. Nxe5 d6 4. Nf3 Nxe4 5. Nc3 d5 6. d3 Nxc3 7. bxc3 Bd6
8. Be2 O-O 9. O-O Be6 10. Rb1 b6 11. Bg5 Qc8 12. d4 Nd7 13. c4 c6 14. cxd5
cxd5 15. Bd3 h6 16. Bh4 Bg4 17. h3 Bh5 18. Rb5 Qc6 19. c4 g5 20. Rxd5 Nf6
21. Rf5 gxh4 22. d5 Qc7 23. Rxf6 Kg7 24. Qa1 Be5 25. Nxe5 Kxf6 26. Nc6+ Kg5
27. f4+ 1-0

[Event "Olimpiade 2024 - Donne"]
[Site "Budapest"]
[Date "22.09.2024"]
[Round "11.55"]
[White "Beukes, Jamie-Nicole"]
[Black "Torres Hernandez, Leslie Carolin"]
[Result "1-0"]
[WhiteElo "1735"]
[BlackElo "1891"]
[ECO "B00"]
[Opening "King's pawn opening"]
[TimeControl "5400/40+30:1800"]
[EventDate "2024.09.11"]
[Board "2"]
[WhiteFideId "15200906"]
[BlackFideId "8400504"]
[WhiteTeam "Namibia"]
[BlackTeam "Honduras"]

1. e4 d6 2. d4 Nf6 3. Bd3 e5 4. c3 Be7 5. h3 c6 6. Nf3 Nbd7 7. O-O O-O 8.
Re1 Re8 9. Nbd2 Qc7 10. Nc4 b5 11. Ne3 Nf8 12. Nf1 Ng6 13. Qc2 Nh5 14. Ne3
Ngf4 15. Bf1 Be6 16. Bd2 a5 17. a4 Reb8 18. Rec1 bxa4 19. Nc4 Ng6 20. Rxa4
f6 21. Rca1 d5 22. Nxa5 dxe4 23. Qxe4 Bd5 24. Qf5 Nhf4 25. dxe5 fxe5 26.
Bxf4 Bxf3 27. Qe6+ Kh8 28. gxf3 exf4 29. Nxc6 Rxa4 30. Rxa4 Rc8 31. Nxe7
Nxe7 32. Qf7 Qc6 33. Rc4 1-0

[Event "Olimpiade 2024 - Donne"]
[Site "Budapest"]
[Date "22.09.2024"]
[Round "11.55"]
[White "Cruz, Bitia"]
[Black "Nepando, Jolly"]
[Result "1-0"]
[WhiteElo "1736"]
[BlackElo "1646"]
[ECO "C53"]
[Opening "Giuoco Piano"]
[TimeControl "5400/40+30:1800"]
[EventDate "2024.09.11"]
[Board "3"]
[WhiteFideId "8400644"]
[BlackFideId "15200485"]
[WhiteTeam "Honduras"]
[BlackTeam "Namibia"]

1. e4 e5 2. Nf3 Nc6 3. Bc4 Bc5 4. c3 Nf6 5. d3 d6 6. Bb3 O-O 7. h3 Be6 8.
Bc2 Re8 9. Nbd2 a6 10. Nf1 Ne7 11. Nh4 c6 12. Qe2 Qc7 13. g4 d5 14. Ng3
dxe4 15. Nxe4 Nxe4 16. dxe4 Rad8 17. O-O b5 18. b3 f6 19. Kg2 Qc8 20. Bd2
Kf7 21. Rae1 Rh8 22. Rh1 g6 23. Ref1 Rdg8 24. g5 fxg5 25. Bxg5 h6 26. Bc1
Qf8 27. f4 Ke8 28. Bd3 Qg7 29. c4 exf4 30. cxb5 g5 31. Nf5 Nxf5 32. exf5
Qb7 33. Qxe6+ Be7 34. bxc6 Qc7 35. f6 Rf8 36. Bg6+ Kd8 37. Rd1+ Bd6 38.
Rxd6+ Qxd6 39. Qxd6+ 1-0

[Event "Olimpiade 2024 - Donne"]
[Site "Budapest"]
[Date "22.09.2024"]
[Round "11.55"]
[White "Van Wyk, Keisha C"]
[Black "Oseguera, Suhey"]
[Result "0-1"]
[WhiteElo "1599"]
[BlackElo "1590"]
[ECO "B56"]
[Opening "Sicilian"]
[TimeControl "5400/40+30:1800"]
[EventDate "2024.09.11"]
[Board "4"]
[WhiteFideId "15200574"]
[BlackFideId "8402183"]
[WhiteTeam "Namibia"]
[BlackTeam "Honduras"]

1. e4 c5 2. Nf3 d6 3. d4 cxd4 4. Nxd4 Nf6 5. Nc3 Nc6 6. Bb5 Bd7 7. Be3 a6
8. Bd3 Ng4 9. Nf5 Nxe3 10. Nxe3 e6 11. Qd2 Be7 12. g3 O-O 13. h4 Nd4 14.
O-O-O b5 15. f4 Qa5 16. Kb1 b4 17. Ne2 Nb5 18. Nc4 Qc7 19. Qxb4 Rab8 20.
Qd2 Qb7 21. Kc1 Na3 22. Qc3 Nxc4 23. Bxc4 Rfc8 24. Bxa6 Qxa6 25. Qf3 Qxa2
0-1

[Event "Olimpiade 2024 - Donne"]
[Site "Budapest"]
[Date "22.09.2024"]
[Round "11.56"]
[White "De La Riva Real, Ariadna"]
[Black "Alazmi, Amani"]
[Result "1-0"]
[WhiteElo "1823"]
[BlackElo "1673"]
[ECO "B38"]
[Opening "Sicilian"]
[Variation "accelerated fianchetto, Maroczy bind, 6.Be3"]
[TimeControl "5400/40+30:1800"]
[EventDate "2024.09.11"]
[Board "1"]
[WhiteFideId "6901018"]
[BlackFideId "10303553"]
[WhiteTeam "Andorra"]
[BlackTeam "Kuwait"]

1. e4 c5 2. Nf3 g6 3. d4 cxd4 4. Nxd4 Bg7 5. c4 Nc6 6. Be3 Nf6 7. Nc3 d6 8.
Be2 O-O 9. O-O Bd7 10. Qc2 Nxd4 11. Bxd4 Bc6 12. Rad1 Nd7 13. Bxg7 Kxg7 14.
b4 b6 15. Qb2 Kg8 16. f4 f5 17. exf5 Rxf5 18. Bg4 Rf6 19. Nd5 Bxd5 20. cxd5
b5 21. Be6+ Kg7 22. g4 Nb6 23. g5 Nc4 24. gxf6+ exf6 25. Qd4 a5 26. a4 axb4
27. axb5 Na3 28. Qxb4 Nc2 29. Qd2 Qb6+ 30. Qf2 Ne3 31. Rfe1 Ra3 32. Ra1 Rd3
33. Re2 g5 34. fxg5 fxg5 35. Rae1 Nxd5 36. Bxd5 Qxf2+ 37. Rxf2 Rxd5 38. Rb1
Rc5 39. b6 Rc8 40. b7 Rb8 41. Rc2 Kh6 42. Rc8 1-0

[Event "Olimpiade 2024 - Donne"]
[Site "Budapest"]
[Date "22.09.2024"]
[Round "11.56"]
[White "Alazemi, Aisha"]
[Black "Muratet Carmona, Julia"]
[Result "0-1"]
[WhiteElo "1539"]
[BlackElo "1816"]
[ECO "C50"]
[Opening "Giuoco Piano"]
[Variation "four knights variation"]
[TimeControl "5400/40+30:1800"]
[EventDate "2024.09.11"]
[Board "2"]
[WhiteFideId "10302875"]
[BlackFideId "2204282"]
[WhiteTeam "Kuwait"]
[BlackTeam "Andorra"]

1. e4 e5 2. Nc3 Nc6 3. Nf3 Nf6 4. Bc4 Bc5 5. O-O O-O 6. d3 h6 7. Ne2 d6 8.
Be3 Bb6 9. Ng3 Be6 10. Qd2 Bxe3 11. fxe3 Bxc4 12. dxc4 Qd7 13. h3 Qe6 14.
b3 a5 15. c3 a4 16. Rfd1 Nd7 17. Qe2 Qg6 18. Nf5 axb3 19. axb3 Nc5 20. Qc2
Ne6 21. Kh2 Qf6 22. b4 Kh7 23. Ra2 Ng5 24. N3h4 Rxa2 25. Qxa2 Nxe4 26. Qc2
g6 27. Qxe4 gxf5 28. Nxf5 Qg6 29. g4 Kh8 30. h4 Ne7 31. Rg1 Rg8 32. Rg2
Nxf5 33. gxf5 Qh5 34. Kh3 Rxg2 35. Kxg2 Qe2+ 36. Kh3 Qf1+ 37. Kh2 Qf2+ 38.
Kh3 b6 39. Qa8+ Kh7 40. Qe4 f6 41. Qg4 Qxe3+ 42. Kg2 Qd2+ 43. Kf1 Kh8 44.
Qh5 Qf4+ 45. Kg2 Qe4+ 46. Kf2 Qf4+ 47. Kg2 Qe4+ 48. Kg1 Qe3+ 49. Kg2 Qe4+
50. Kf2 Qf4+ 51. Ke1 Qg3+ 52. Ke2 Kh7 53. c5 bxc5 54. bxc5 d5 55. Qf7+ Qg7
56. Qxd5 Qg4+ 57. Kd3 Qxf5+ 58. Kc4 Qg6 59. Qd7+ Qg7 60. Qxg7+ Kxg7 61. Kd5
Kf7 62. h5 Ke7 63. Kc6 e4 64. Kxc7 e3 65. c6 e2 0-1

[Event "Olimpiade 2024 - Donne"]
[Site "Budapest"]
[Date "22.09.2024"]
[Round "11.56"]
[White "Muratet Carmona, Alexandra"]
[Black "Nema, Rabab"]
[Result "1/2-1/2"]
[WhiteElo "1796"]
[BlackElo "1601"]
[ECO "C01"]
[Opening "French"]
[Variation "exchange variation"]
[TimeControl "5400/40+30:1800"]
[EventDate "2024.09.11"]
[Board "3"]
[WhiteFideId "22227172"]
[BlackFideId "10304070"]
[WhiteTeam "Andorra"]
[BlackTeam "Kuwait"]

1. e4 e6 2. d4 d5 3. exd5 exd5 4. c4 Bb4+ 5. Nc3 Be6 6. Nf3 dxc4 7. Ng5 Bd5
8. a3 Bxc3+ 9. bxc3 Qe7+ 10. Be3 Nf6 11. Qa4+ Qd7 12. Qxd7+ Nbxd7 13. f3 a6
14. a4 h6 15. Nh3 g5 16. Be2 O-O 17. Nf2 b5 18. h4 Nh7 19. hxg5 hxg5 20.
Ne4 f6 21. Rh5 Bf7 22. Rh2 Bg6 23. Kd2 Nb6 24. a5 Nd5 25. Rah1 Nxe3 26.
Kxe3 Rfe8 27. Kd2 Kg7 28. g4 Nf8 29. Nc5 Ne6 30. Nxe6+ Rxe6 31. Re1 Rae8
32. Rhh1 c6 33. Bd1 Rxe1 34. Rxe1 Rxe1 35. Kxe1 1/2-1/2

[Event "Olimpiade 2024 - Donne"]
[Site "Budapest"]
[Date "22.09.2024"]
[Round "11.56"]
[White "Ajbali, Ghaleyah"]
[Black "Real Puigdollers, Silvia"]
[Result "0-1"]
[WhiteElo "1513"]
[BlackElo "1781"]
[ECO "B01"]
[Opening "Scandinavian (centre counter) defence"]
[TimeControl "5400/40+30:1800"]
[EventDate "2024.09.11"]
[Board "4"]
[WhiteFideId "10306579"]
[BlackFideId "6901336"]
[WhiteTeam "Kuwait"]
[BlackTeam "Andorra"]

1. e4 d5 2. exd5 Qxd5 3. Nc3 Qa5 4. d4 Nf6 5. Bd3 c6 6. Ne2 g6 7. f3 Bg7 8.
Bd2 Nbd7 9. g4 Qc7 10. Bf4 e5 11. Bg3 Qa5 12. Qd2 O-O 13. O-O-O Re8 14. Bf2
b5 15. Be3 Rb8 16. a3 b4 17. Nb1 Nd5 18. Bf2 Ba6 19. Bxa6 Qxa6 20. Qd3 Qb7
21. b3 a5 22. a4 N7b6 23. h4 Rbd8 24. h5 Qe7 25. hxg6 fxg6 26. Qe4 Nc3 27.
Nexc3 bxc3 28. dxe5 Rxd1+ 29. Rxd1 Nd5 30. Qc4 Bh6+ 31. Nd2 Qa3+ 0-1

[Event "Olimpiade 2024 - Donne"]
[Site "Budapest"]
[Date "22.09.2024"]
[Round "11.57"]
[White "Makwena, Christine"]
[Black "Georgina, Sackie"]
[Result "1/2-1/2"]
[WhiteElo "1860"]
[BlackElo "1688"]
[ECO "B13"]
[Opening "Caro-Kann"]
[Variation "exchange, Rubinstein variation"]
[TimeControl "5400/40+30:1800"]
[EventDate "2024.09.11"]
[Board "1"]
[WhiteFideId "11003391"]
[BlackFideId "22601708"]
[WhiteTeam "Zimbabwe"]
[BlackTeam "Liberia"]

1. e4 c6 2. d4 d5 3. exd5 cxd5 4. Bd3 Nc6 5. c3 Nf6 6. Bf4 Bg4 7. Qb3 Qd7
8. Nd2 e6 9. Ngf3 Bd6 10. Bxd6 Qxd6 11. O-O O-O 12. Rae1 Ne7 13. Ne5 Bf5
14. Qc2 b5 15. Bxf5 Nxf5 16. a3 a5 17. Qd3 b4 18. axb4 axb4 19. Ra1 bxc3
20. bxc3 Ra3 21. Rxa3 Qxa3 22. Rb1 g6 23. g4 Nd6 24. Rb3 Qc1+ 25. Kg2 Rc8
26. f3 Ra8 27. Rb1 Qa3 28. Qc2 Qa6 29. Nb3 Nc4 30. Nxc4 Qxc4 31. Nc1 Rc8
32. Ne2 Ne8 33. Qd2 Nd6 34. Rb4 Qc6 35. Qd3 Nc4 36. Qb1 Kg7 37. h4 Ra8 38.
Rb8 Rxb8 39. Qxb8 Qa4 40. Qb1 Nd2 41. Qc1 Qa2 42. Kf2 Nc4 43. h5 Qd2 44.
Qxd2 Nxd2 45. hxg6 fxg6 46. g5 Kf7 47. Nf4 Nb1 48. Ne2 Ke7 49. Ke3 Kd6 50.
f4 Kc6 51. Kd3 Na3 52. Nc1 Nc4 53. Nb3 Nb2+ 54. Kc2 Na4 55. Nc1 Nb6 56. Kd3
Nc4 57. Nb3 Kd6 58. Nc5 Ke7 59. Ke2 Nd6 60. Kf3 Nb5 61. Na4 Kd6 62. Ke3 Ke7
63. Kd3 Nd6 64. Nc5 Nf5 65. Ke2 h6 66. gxh6 Nxh6 67. Nd3 Kf6 68. Ne5 Kf5
69. Kf3 Ng8 70. c4 dxc4 71. Nxc4 Ne7 72. Ne3+ Kf6 73. Ke4 Nf5 74. Ng4+ Ke7
75. Ke5 Nh4 76. Ke4 1/2-1/2

[Event "Olimpiade 2024 - Donne"]
[Site "Budapest"]
[Date "22.09.2024"]
[Round "11.57"]
[White "Meleh, N. Davis"]
[Black "Shaba, Linda Dalitso"]
[Result "0-1"]
[WhiteElo "1602"]
[BlackElo "1831"]
[ECO "D35"]
[Opening "QGD"]
[Variation "exchange, positional line"]
[TimeControl "5400/40+30:1800"]
[EventDate "2024.09.11"]
[Board "2"]
[WhiteFideId "22601180"]
[BlackFideId "11001631"]
[WhiteTeam "Liberia"]
[BlackTeam "Zimbabwe"]

1. d4 d5 2. c4 e6 3. Nc3 Nf6 4. cxd5 exd5 5. Bg5 Be7 6. e3 O-O 7. Bd3 c6 8.
Qc2 h6 9. Bh4 a5 10. a4 Na6 11. Bxa6 Rxa6 12. Nf3 Re8 13. O-O Ne4 14. Nxe4
Bxh4 15. Nc5 Ra8 16. Nxh4 Qxh4 17. Rfc1 Qg5 18. Nd3 Bf5 19. Qb3 Be4 20. Ne1
Re7 21. Rc5 h5 22. Qb6 h4 23. Rxa5 Rxa5 24. Qxa5 Bxg2 25. Qd8+ Kh7 26. Qd6
Bh3+ 27. Kh1 Re4 28. f4 Qg4 29. Qa3 Re6 30. f5 Qe4+ 31. Kg1 Qxf5 32. Qd3
Rg6+ 33. Kh1 Bg2+ 0-1

[Event "Olimpiade 2024 - Donne"]
[Site "Budapest"]
[Date "22.09.2024"]
[Round "11.57"]
[White "Wakuruwarewa, Colletta"]
[Black "Abigail, Karyah"]
[Result "1-0"]
[WhiteElo "1814"]
[BlackElo "1790"]
[ECO "B13"]
[Opening "Caro-Kann"]
[Variation "exchange, Rubinstein variation"]
[TimeControl "5400/40+30:1800"]
[EventDate "2024.09.11"]
[Board "3"]
[WhiteFideId "11001305"]
[BlackFideId "22601147"]
[WhiteTeam "Zimbabwe"]
[BlackTeam "Liberia"]

1. e4 c6 2. d4 d5 3. exd5 cxd5 4. Bd3 Nc6 5. c3 Nf6 6. Bf4 Bg4 7. f3 Bh5 8.
Ne2 e6 9. Nd2 Bd6 10. Nf1 Qc7 11. Qd2 Rb8 12. Bxd6 Qxd6 13. Qf4 Qxf4 14.
Nxf4 b5 15. a3 a5 16. b4 O-O 17. Ng3 Bg6 18. O-O Rfc8 19. Nge2 axb4 20.
axb4 Rc7 21. Ra6 Kf8 22. Rfa1 Nd7 23. Ra8 Ke7 24. Rxb8 Ncxb8 25. Bxb5 Bc2
26. Bd3 Bxd3 27. Nxd3 Nc6 28. Kf2 Na7 29. Ra5 Nc6 30. Ra6 f6 31. Nc5 e5 32.
b5 Ncb8 33. Ra8 Rc8 34. Ke3 Kd6 35. Nxd7 Kxd7 36. Ra7+ Rc7 37. b6 exd4+ 38.
Nxd4 1-0

[Event "Olimpiade 2024 - Donne"]
[Site "Budapest"]
[Date "22.09.2024"]
[Round "11.57"]
[White "Princess, K. Banney"]
[Black "Zengeni, Tatenda Melisa"]
[Result "0-1"]
[WhiteElo "1447"]
[BlackElo "1732"]
[ECO "E12"]
[Opening "Queen's Indian defence"]
[TimeControl "5400/40+30:1800"]
[EventDate "2024.09.11"]
[Board "4"]
[WhiteFideId "22601201"]
[BlackFideId "11001313"]
[WhiteTeam "Liberia"]
[BlackTeam "Zimbabwe"]

1. d4 Nf6 2. c4 e6 3. Nf3 b6 4. Bg5 Bb7 5. e3 Bb4+ 6. Nbd2 O-O 7. Be2 d6 8.
a3 Bxd2+ 9. Qxd2 Nbd7 10. Rc1 c5 11. O-O Qc7 12. Bf4 Ne4 13. Qd3 f5 14.
Rfd1 Rad8 15. b4 e5 16. Bg5 Ndf6 17. dxc5 dxc5 18. Qc2 h6 19. Bxf6 gxf6 20.
Nd2 Qg7 21. Nxe4 Bxe4 0-1

[Event "Olimpiade 2024 - Donne"]
[Site "Budapest"]
[Date "22.09.2024"]
[Round "11.58"]
[White "Gertrude, Banini"]
[Black "Ravelomanana, Sabine"]
[Result "0-1"]
[WhiteElo "1712"]
[BlackElo "1926"]
[ECO "A45"]
[Opening "Queen's pawn game"]
[TimeControl "5400/40+30:1800"]
[EventDate "2024.09.11"]
[Board "1"]
[WhiteFideId "12603570"]
[BlackFideId "13100394"]
[WhiteTeam "Ghana"]
[BlackTeam "Madagascar"]

1. d4 Nf6 2. Bf4 c5 3. c3 cxd4 4. cxd4 Qb6 5. Qc2 Nc6 6. e3 d5 7. a3 Bf5 8.
Qc1 Rc8 9. Nc3 e6 10. Nf3 Be7 11. Be2 h6 12. O-O O-O 13. Qd2 Na5 14. Ra2
Ne4 15. Nxe4 Bxe4 16. b4 Nc4 17. Qd1 f6 18. Nd2 Bg6 19. Nb3 Qc6 20. Bd3
Bxd3 21. Qxd3 f5 22. Rc1 b6 23. Rac2 Qa4 24. Nd2 b5 25. Qb3 Qa6 26. Ra1
Nxd2 27. Rxd2 Rc4 28. Qa2 Rfc8 29. h3 Qa4 30. Rd3 Rc1+ 31. Rxc1 Rxc1+ 32.
Kh2 Qa6 33. Qb3 Qc6 34. Be5 h5 35. Bb8 h4 36. f4 a6 37. Ba7 Qe8 38. Rd1 Rc4
39. Qb2 Qg6 40. Qf2 Rc3 41. Ra1 Qe8 42. Qd2 Rc4 43. Ra2 g5 44. fxg5 Bxg5
45. Qe2 Rc3 46. a4 Rxe3 47. Qf1 Qa8 48. Bc5 Qb8+ 49. Kg1 Qg3 50. Ra1 Re4
51. axb5 Be3+ 52. Kh1 Bf4 53. Qg1 axb5 54. Ra8+ Kh7 55. Ra1 Qc3 56. Qd1 Kg6
57. Rb1 Qg3 58. Qg1 Re2 59. Ra1 Qc3 60. Qf1 Bg3 61. Rc1 Qxc1 62. Qxc1 Re1+
63. Qxe1 Bxe1 64. Kg1 Kg5 65. Kf1 Bg3 66. Ke2 f4 67. Kf3 Kf5 68. Bd6 Be1
69. Ke2 Bc3 70. Kd3 Be1 71. Be7 e5 72. dxe5 Kxe5 73. Bc5 Ke6 74. Bd4 Bxb4
75. Ke2 Kf5 76. Kf3 Be1 77. Ke2 Ke4 78. Bb2 Bg3 79. Bc3 d4 80. Bb4 d3+ 81.
Kd2 Bf2 82. Be7 Kd4 83. Bg5 Bg3 84. Bf6+ Kc4 85. Bb2 b4 86. Bf6 Bf2 87. Kd1
b3 88. Bb2 Bd4 0-1

[Event "Olimpiade 2024 - Donne"]
[Site "Budapest"]
[Date "22.09.2024"]
[Round "11.58"]
[White "Raharimanana, Faratiana"]
[Black "Benson, Maud"]
[Result "1-0"]
[WhiteElo "1815"]
[BlackElo "1682"]
[ECO "D30"]
[Opening "Queen's gambit declined"]
[TimeControl "5400/40+30:1800"]
[EventDate "2024.09.11"]
[Board "2"]
[WhiteFideId "13100378"]
[BlackFideId "12600857"]
[WhiteTeam "Madagascar"]
[BlackTeam "Ghana"]

1. d4 d5 2. c4 e6 3. Nf3 Nf6 4. e3 Be7 5. Bd3 dxc4 6. Bxc4 O-O 7. O-O Nbd7
8. Nc3 c5 9. e4 Nb6 10. Bb3 Qc7 11. e5 Nfd5 12. Ne4 c4 13. Bc2 f6 14. Bd2
Nd7 15. exf6 N7xf6 16. Qe2 Ng4 17. Ng3 g6 18. h3 Nxf2 19. Ne5 Bh4 20. Rxf2
Bxg3 21. Rxf8+ Kxf8 22. Qf3+ Kg8 23. Qxg3 b5 24. Rf1 Qb6 25. Qf2 Bb7 26.
Bh6 Nf6 27. Qxf6 Qxd4+ 28. Kh2 1-0

[Event "Olimpiade 2024 - Donne"]
[Site "Budapest"]
[Date "22.09.2024"]
[Round "11.58"]
[White "Dotse, Dzidzor Esi"]
[Black "Randriatsiferana, Dimbiharentsoa Christiana"]
[Result "1/2-1/2"]
[WhiteElo "1530"]
[BlackElo "1736"]
[ECO "A53"]
[Opening "Old Indian defence"]
[TimeControl "5400/40+30:1800"]
[EventDate "2024.09.11"]
[Board "3"]
[WhiteFideId "12601470"]
[BlackFideId "13106961"]
[WhiteTeam "Ghana"]
[BlackTeam "Madagascar"]

1. d4 Nf6 2. c4 d6 3. Nf3 g6 4. Nc3 Bg7 5. Bf4 O-O 6. e3 Re8 7. Be2 Nc6 8.
Rc1 Bd7 9. O-O h6 10. h3 e5 11. dxe5 dxe5 12. Bh2 Nh7 13. Ne4 Qe7 14. a3
Rad8 15. Qb3 Na5 16. Qb4 Qxb4 17. axb4 Nc6 18. b5 Nb4 19. Rfd1 a6 20. Nc5
Bc8 21. Rxd8 Rxd8 22. Bxe5 Bxe5 23. Nxe5 Rd2 24. Bg4 Bxg4 25. Nxg4 h5 26.
Ne5 axb5 27. Nxb7 Rxb2 28. cxb5 Nd5 29. Rc5 Nhf6 30. e4 Nf4 31. Rxc7 Nxe4
32. Nxf7 1/2-1/2

[Event "Olimpiade 2024 - Donne"]
[Site "Budapest"]
[Date "22.09.2024"]
[Round "11.58"]
[White "Tsinjoviniavo, Aina Mahasambatra"]
[Black "Hephzibah, Awura-Ama Manubea Tandoh"]
[Result "1-0"]
[WhiteElo "1662"]
[BlackElo "1516"]
[ECO "C01"]
[Opening "French"]
[Variation "exchange variation"]
[TimeControl "5400/40+30:1800"]
[EventDate "2024.09.11"]
[Board "4"]
[WhiteFideId "13105450"]
[BlackFideId "12602612"]
[WhiteTeam "Madagascar"]
[BlackTeam "Ghana"]

1. e4 e6 2. d4 d5 3. exd5 exd5 4. Nf3 Nf6 5. Bd3 Be7 6. O-O O-O 7. h3 Be6
8. Nc3 c6 9. Ne2 Bd6 10. Nf4 Bxf4 11. Bxf4 h6 12. Ne5 Nbd7 13. Qf3 Re8 14.
Rfe1 Qb6 15. c3 Nxe5 16. dxe5 Nd7 17. b4 a6 18. Qg3 Kf8 19. Be3 Qc7 20. f4
Nb6 21. f5 Bc8 22. f6 Qxe5 23. Qxg7# 1-0

[Event "Olimpiade 2024 - Donne"]
[Site "Budapest"]
[Date "22.09.2024"]
[Round "11.59"]
[White "Wilson, Hannah"]
[Black "Sagastegui, Thamara"]
[Result "1/2-1/2"]
[WhiteElo "1888"]
[BlackElo "1544"]
[ECO "A50"]
[Opening "Queen's Indian accelerated"]
[TimeControl "5400/40+30:1800"]
[EventDate "2024.09.11"]
[Board "1"]
[WhiteFideId "11104600"]
[BlackFideId "15900770"]
[WhiteTeam "Barbados"]
[BlackTeam "Aruba"]

1. d4 Nf6 2. c4 b6 3. Nc3 Bb7 4. Qc2 e6 5. e4 d6 6. Nf3 h6 7. Bd3 Nfd7 8.
Be3 Nc6 9. a3 e5 10. d5 Ne7 11. b4 c5 12. O-O Nc8 13. b5 Be7 14. Ne2 Bf6
15. Ng3 g6 16. Qd2 Bg7 17. h4 h5 18. Ng5 Nf8 19. Qe2 f6 20. Nh3 Ne7 21. Bd2
Bc8 22. Kh2 Bxh3 23. gxh3 Nd7 24. Rg1 Bh6 25. Bxh6 Rxh6 26. Qe3 Rh8 27. a4
Kf7 28. Raf1 Ng8 29. Ne2 Ne7 30. f4 Qf8 31. fxe5 dxe5 32. Bc2 Nc8 33. Rf2
Nd6 34. Bd3 Qh6 35. Qg3 Rhg8 36. Rgf1 Rae8 37. Qg5 Qg7 38. Rg2 Ke7 39. Qd2
Nb7 40. Bc2 Nd6 41. Bd3 Ref8 42. Ng3 Qh7 43. Qe2 Rf7 44. Rgf2 Rgf8 45. Qc2
Rg7 46. Qe2 Rgg8 47. Bc2 Rh8 48. Bd3 Rhg8 1/2-1/2

[Event "Olimpiade 2024 - Donne"]
[Site "Budapest"]
[Date "22.09.2024"]
[Round "11.59"]
[White "Jacobs, Annelaine"]
[Black "Blackman, Katrina"]
[Result "1/2-1/2"]
[WhiteElo "1763"]
[BlackElo "1814"]
[ECO "C01"]
[Opening "French"]
[Variation "exchange variation"]
[TimeControl "5400/40+30:1800"]
[EventDate "2024.09.11"]
[Board "2"]
[WhiteFideId "15900177"]
[BlackFideId "11100540"]
[WhiteTeam "Aruba"]
[BlackTeam "Barbados"]

1. e4 e6 2. d4 d5 3. exd5 exd5 4. Bd3 Bd6 5. c3 Ne7 6. Ne2 Bf5 7. Bxf5 Nxf5
8. Bf4 c6 9. Bxd6 Qxd6 10. Qd3 Qf6 11. O-O O-O 12. Nd2 Nd7 13. Rfe1 h6 14.
Ng3 Nd6 15. Re2 Rae8 16. Rae1 Re6 17. Qf3 Rfe8 18. Qxf6 Nxf6 19. Rxe6 Rxe6
20. Rxe6 fxe6 21. h3 Kf7 22. f4 Ke7 23. Kf2 b6 24. Ke3 c5 25. Kd3 a5 26. a4
g6 27. c4 Nb7 28. b3 Kd6 29. Nf3 dxc4+ 30. Kxc4 Nd5 31. Ne4+ Kc7 32. dxc5
Nxf4 33. Kd4 1/2-1/2

[Event "Olimpiade 2024 - Donne"]
[Site "Budapest"]
[Date "22.09.2024"]
[Round "11.59"]
[White "Reifer-Belle, Chanon"]
[Black "Moreno Mora, Milaydes Lourdes"]
[Result "1-0"]
[WhiteElo "1736"]
[BlackElo "1694"]
[ECO "B22"]
[Opening "Sicilian"]
[Variation "Alapin's variation (2.c3)"]
[TimeControl "5400/40+30:1800"]
[EventDate "2024.09.11"]
[Board "3"]
[WhiteFideId "11105186"]
[BlackFideId "3910512"]
[WhiteTeam "Barbados"]
[BlackTeam "Aruba"]

1. e4 c5 2. c3 d5 3. exd5 Qxd5 4. d4 Nf6 5. Nf3 e6 6. Be3 Be7 7. Be2 cxd4
8. cxd4 O-O 9. Nc3 Qd8 10. O-O Nc6 11. a3 Nd5 12. Rc1 Bf6 13. Ne4 Nxe3 14.
fxe3 Be7 15. Nc5 Bxc5 16. Rxc5 Bd7 17. Qc2 Ne7 18. Bd3 f5 19. Qb3 b6 20.
Rc2 Nd5 21. Re1 Rc8 22. Ne5 Rxc2 23. Bxc2 Bc8 24. Bd1 Qc7 25. Bf3 Bb7 26.
e4 fxe4 27. Bxe4 Nf4 28. Qe3 Bd5 29. Rf1 Bxe4 30. Qxe4 g5 31. Nf3 h6 32. g3
Ng6 33. Qxg6+ 1-0

[Event "Olimpiade 2024 - Donne"]
[Site "Budapest"]
[Date "22.09.2024"]
[Round "11.59"]
[White "Aponte, Samantha"]
[Black "Springer, Leshay"]
[Result "1-0"]
[WhiteElo "1454"]
[BlackElo "1425"]
[ECO "D10"]
[Opening "QGD Slav defence"]
[Variation "exchange variation"]
[TimeControl "5400/40+30:1800"]
[EventDate "2024.09.11"]
[Board "4"]
[WhiteFideId "15901106"]
[BlackFideId "11105690"]
[WhiteTeam "Aruba"]
[BlackTeam "Barbados"]

1. d4 d5 2. c4 c6 3. cxd5 cxd5 4. Bf4 Nf6 5. Nf3 Bf5 6. Qb3 b6 7. Nc3 a6 8.
e3 e6 9. Be2 Be7 10. Qa4+ Nbd7 11. O-O O-O 12. Rac1 b5 13. Qd1 Nh5 14. Bg3
Nxg3 15. hxg3 h6 16. Kh2 Qa5 17. a3 Rac8 18. Bd3 Bxd3 19. Qxd3 b4 20. axb4
Qxb4 21. Qxa6 Qxb2 22. Qb5 Nf6 23. Qxb2 1-0

[Event "Olimpiade 2024 - Donne"]
[Site "Budapest"]
[Date "22.09.2024"]
[Round "11.60"]
[White "Andhin, Chethanah"]
[Black "Aliu, Arlinda"]
[Result "0-1"]
[WhiteElo "1607"]
[BlackElo "1780"]
[ECO "D15"]
[Opening "QGD Slav"]
[Variation "4.Nc3"]
[TimeControl "5400/40+30:1800"]
[EventDate "2024.09.11"]
[Board "1"]
[WhiteFideId "9700463"]
[BlackFideId "22101292"]
[WhiteTeam "Mauritius"]
[BlackTeam "Kosovo *"]

1. d4 d5 2. c4 c6 3. Nc3 Nf6 4. Nf3 Bf5 5. Qb3 Qb6 6. c5 Qxb3 7. axb3 g6 8.
Bf4 Na6 9. Ra4 Bc2 10. Nd2 Nh5 11. e3 Nxf4 12. exf4 Nc7 13. Be2 Bg7 14. g3
O-O 15. O-O Bf5 16. Re1 a6 17. Nf3 f6 18. Nh4 Bd7 19. Bd3 Rae8 20. f5 g5
21. Ng2 e6 22. fxe6 Rxe6 23. Raa1 f5 24. Rxe6 Nxe6 25. Na4 Bxd4 26. b4 f4
27. Nb6 Be8 28. Re1 Rf6 29. gxf4 gxf4 30. Nh4 Ng7 31. Re7 Rf7 32. Re2 f3
33. Re1 Rf4 34. Nf5 Nxf5 35. Bxf5 Rxf5 36. Rxe8+ Kf7 37. Rb8 Rg5+ 38. Kf1
Rg2 39. Rxb7+ Kg6 40. Rb8 Rxh2 41. Kg1 Rg2+ 42. Kf1 Rxf2+ 43. Ke1 Rxb2 44.
Rf8 f2+ 45. Kf1 Rb1+ 46. Ke2 Re1+ 0-1

[Event "Olimpiade 2024 - Donne"]
[Site "Budapest"]
[Date "22.09.2024"]
[Round "11.60"]
[White "Recica, Jona"]
[Black "Acham, Meritza"]
[Result "0-1"]
[WhiteElo "1791"]
[BlackElo "1667"]
[ECO "B13"]
[Opening "Caro-Kann"]
[Variation "exchange, Rubinstein variation"]
[TimeControl "5400/40+30:1800"]
[EventDate "2024.09.11"]
[Board "2"]
[WhiteFideId "22105239"]
[BlackFideId "9700374"]
[WhiteTeam "Kosovo *"]
[BlackTeam "Mauritius"]

1. e4 c6 2. d4 d5 3. exd5 cxd5 4. Bd3 Nc6 5. c3 Nf6 6. Bf4 e6 7. Nd2 Be7 8.
Ngf3 O-O 9. O-O h6 10. Ne5 Bd6 11. Ndf3 Qc7 12. h3 Ne4 13. Bh2 f5 14. Nxc6
Bxh2+ 15. Nxh2 bxc6 16. Nf3 Rb8 17. Qc2 c5 18. Rab1 Qa5 19. a3 c4 20. Be2
Bd7 21. Ne5 Ba4 22. Qc1 Rb7 23. f3 Ng3 24. Rf2 Rfb8 25. Kh2 Nh5 26. g4 fxg4
27. fxg4 Nf6 28. Bf1 Ne4 29. Rf3 Qd8 30. Re3 Qg5 31. Re1 Qxc1 32. Rbxc1
Rxb2+ 33. Kg1 Bc2 34. Nc6 R8b7 35. Nb4 Ba4 36. Bxc4 Ng5 37. Ba6 Nxh3+ 38.
Kh1 Rf7 39. Rf1 Nf2+ 40. Kg1 Rf4 41. Rb1 Rxg4+ 42. Kh2 Rd2 43. Bc8 Ne4+ 44.
Kh1 Ng3+ 45. Kg1 Nxf1+ 46. Kxf1 Kf7 47. Nxd5 Rh4 48. Ke1 Rc2 49. Ne3 Re4
50. Rb4 Rxe3+ 0-1